 Dungeon Crawl Stone Soup version 0.28-a0-834-g1a73be5ee4 (webtiles) character file.

Game seed: 4745122645963141387

10951 Iepvzaeh the Cleaver (level 11, -3/99 HPs)
             Began as a Minotaur Fighter on Nov 11, 2021.
             Was a High Priest of Okawaru.
             Slain by an eight-headed hydra (7 damage)
             ... on level 10 of the Dungeon.
             The game lasted 00:27:24 (7888 turns).

Iepvzaeh the Cleaver (Minotaur Fighter)             Turns: 7888, Time: 00:27:25

Health: -3/99      AC: 19    Str: 25    XL:     11   Next: 42%
Magic:  10/10      EV:  8    Int:  5    God:    Okawaru [*****.]
Gold:   364        SH:  0    Dex:  9    Spells: 10/10 levels left

rFire   . . .      SeeInvis .   a - +0 war axe
rCold   + . .      Faith    .   (no shield)
rNeg    + . .      Spirit   .   i - +0 plate armour
rPois   .          Reflect  .   N - +0 hat
rElec   .          Harm     .   (no cloak)
rCorr   .          Rampage  .   o - +0 pair of gloves
Will    .....                   R - +1 pair of boots {Fly}
Stlth   ..........              m - amulet of regeneration
HPRegen 1.26/turn               J - ring of positive energy
MPRegen 0.12/turn               y - ring of protection from cold

@: flying, studying Stealth
A: horns 2, retaliatory headbutt
a: Renounce Religion, Heroism, Finesse, Duel


You were on level 10 of the Dungeon.
You worshipped Okawaru.
Okawaru was extremely pleased with you.
You visited 2 branches of the dungeon, and saw 12 of its levels.

You collected 651 gold pieces.
You spent 287 gold pieces at shops.

Inventory:

Hand Weapons
 a - a +0 war axe (weapon)
 b - a +4 shortbow
 D - a +0 shortbow
Missiles
 g - 53 poisoned darts (quivered)
 n - 161 arrows
 L - 27 bolts
Armour
 c - a +0 buckler
 i - a +0 plate armour (worn)
 o - a +0 pair of gloves (worn)
 w - a +0 kite shield
 z - a +0 scale mail
 M - a +1 ring mail of poison resistance
 N - a +0 hat (worn)
 R - a +1 pair of boots of flying (worn)
Magical Staves
 C - a staff of air
Jewellery
 f - an amulet of faith
 m - an amulet of regeneration (around neck)
 q - a ring of flight
 y - a ring of protection from cold (right hand)
 I - a +6 ring of intelligence
 J - a ring of positive energy (left hand)
Wands
 B - a wand of paralysis (8)
 F - a wand of polymorph (3)
 K - a wand of iceblast (8)
Scrolls
 h - 4 scrolls of enchant weapon {unknown}
 j - 2 scrolls of vulnerability {unknown}
 k - 11 scrolls of identify {unknown}
 p - a scroll of acquirement {unknown}
 u - a scroll of fog {unknown}
 x - 4 scrolls of noise
 A - 2 scrolls of teleportation {unknown}
 E - a scroll of blinking {unknown}
 O - a scroll of holy word
 P - a scroll of enchant armour {unknown}
 S - 2 scrolls of amnesia {unknown}
Potions
 d - 2 potions of might
 e - 6 potions of curing {unknown}
 l - a potion of experience {unknown}
 r - 3 potions of cancellation {unknown}
 t - 2 potions of attraction {unknown}
 v - a potion of berserk rage {unknown}
 G - 2 potions of ambrosia {unknown}
 H - a potion of brilliance {unknown}
 Q - 2 potions of haste


   Skills:
 + Level 9.9 Fighting
 + Level 12.8 Axes
 + Level 2.8(3.7) Slings
 + Level 5.1 Bows
 + Level 3.3(3.7) Throwing
 + Level 11.2 Armour
 + Level 1.0 Dodging
 + Level 6.8 Shields
 + Level 0.1 Invocations
 + Level 3.1 Evocations


You had 10 spell levels left.
You didn't know any spells.
Your spell library contained the following spells:

 Spells                   Type           Power      Damage    Failure   Level
 Freeze                   Ice            0%         1d3       99%         1
 Magic Dart               Conj           0%         1d3       99%         1
 Pain                     Necr           0%         1d4       99%         1
 Searing Ray              Conj           0%         2d4       100%        2
 Static Discharge         Conj/Air       0%         N/A       100%        2
 Frozen Ramparts          Ice            0%         1d2       100%        3
 Ignite Poison            Fire/Tmut/Pois 0%         N/A       100%        3
 Mephitic Cloud           Conj/Pois/Air  0%         N/A       100%        3
 Vampiric Draining        Necr           0%         2d6       100%        3
 Fulminant Prism          Conj/Hex       0%         3d6       100%        4
 Hailstorm                Conj/Ice       0%         3d3       100%        4
 Freezing Cloud           Conj/Ice/Air   0%         6-21      100%        5
 Lightning Bolt           Conj/Air       0%         1d11      100%        5
 Maxwell's Capacitive Co  Air            0%         ∞         100%        8
 Animate Skeleton         Necr           Unusable   N/A       N/A         1

Dungeon Overview and Level Annotations

Branches:
Dungeon (11/15)            Temple (1/1) D:4             Orc (0/2) D:9
   Lair: D:8-11

Altars:
Ashenzari
Cheibriados
Dithmenos
Elyvilon
Fedhas
Gozag
Hepliaklqana
Kikubaaqudgha
Makhleb
Nemelex Xobeh
Okawaru
Qazlal
Ru
Sif Muna
Trog
Uskayaw
Vehumet
Wu Jian
Xom
Yredelemnul
Zin
The Shining One
Beogh
Lugonu

Shops:
D:7 (:(![   D:10 =[[=

Annotations:
D:8 Erica
D:9 Joseph


Innate Abilities, Weirdness & Mutations

You have a pair of horns on your head.
You reflexively headbutt those who attack you in melee.


Message History

The eight-headed hydra bites you but does no damage.
Unknown command.
You feel sick.
As you read the scroll labelled RACOCESMACS, it crumbles to dust.
You hear a loud clanging noise!
It was a scroll of noise.
You feel sick.
You are no longer poisoned.
The eight-headed hydra bites you.
* * * LOW HITPOINT WARNING * * *
The eight-headed hydra bites you!
* * * LOW HITPOINT WARNING * * *
The eight-headed hydra bites you but does no damage.
The eight-headed hydra bites you!
* * * LOW HITPOINT WARNING * * *
The eight-headed hydra barely misses you.
The eight-headed hydra closely misses you.
The eight-headed hydra bites you but does no damage.
The eight-headed hydra bites you.
* * * LOW HITPOINT WARNING * * *
Unknown command.
Unknown command.
You feel much better. The eight-headed hydra bites you.
* * * LOW HITPOINT WARNING * * *
The eight-headed hydra barely misses you.
The eight-headed hydra bites you!
* * * LOW HITPOINT WARNING * * *
The eight-headed hydra bites you!
* * * LOW HITPOINT WARNING * * *
The eight-headed hydra bites you but does no damage.
The eight-headed hydra bites you.
* * * LOW HITPOINT WARNING * * *
The eight-headed hydra bites you.
* * * LOW HITPOINT WARNING * * *
The eight-headed hydra completely misses you.
As you read the scroll labelled TAQAJI UTIUHA, it crumbles to dust.
You speak a Word of immense power!
It was a scroll of holy word.
The eight-headed hydra bites you but does no damage.
The eight-headed hydra barely misses you.
The eight-headed hydra bites you!
You die...

#.# #######..## #....# #.#
###.....## ####.# #.# #.....###
#####'#### #.# #>....# #.........
##'## #.....# #.........
....########.....# #.........
....##.....'.....# #####.........
..).'..#####.....###>†.'.........
....#### #....@Dy.†###<........
....# #.....##### #.........
....# #.....# #......... ....#
####### #......... ....#
#......... ##### ##########


You could see an eight-headed hydra and a killer bee.

Vanquished Creatures
  Harold (D:10)
  Pikel (D:9)
  A cyclops (D:10)
  32 yaks
  A shadow (D:6)
  A vampire (D:10)
  A steam dragon (D:9)
  A vampire mosquito (D:6)
  An ice beast (D:6)
  6 orc warriors
  2 sky beasts
  A black bear (D:10)
  3 necrophages
  3 ogres
  6 centaurs
  2 phantoms
  A lemure (D:9)
  A wyvern zombie (D:9)
  4 bullfrogs
  A gnoll sergeant (D:8)
  2 scorpions
  A wyvern skeleton (D:6)
  6 killer bees
  4 wights (D:9)
  4 howler monkeys
  4 centaur zombies
  2 bullfrog zombies (D:5)
  6 hounds
  4 orc priests
  Crazy Yiuf (D:5)
  2 centaur skeletons
  Jessica (D:2)
  A gnoll shaman (D:8)
  7 orc wizards
  2 howler monkey zombies
  18 gnolls
  9 adders
  2 shadow imps (D:7)
  3 worms
  4 dart slugs
  29 orcs
  7 ball pythons
  8 bats
  9 endoplasms
  2 giant cockroaches (D:1)
  5 hobgoblins
  7 jackals
  11 kobolds
  5 quokkas
  6 frilled lizards
  9 goblins
  5 rats
  A bush (D:3)
257 creatures vanquished.

Vanquished Creatures (others)
  7 fungi (D:11)
  10 plants
17 creatures vanquished.

Grand Total: 274 creatures vanquished

Notes
Turn   | Place    | Note
-------+----------+-------------------------------------------
     0 | D:1      | Iepvzaeh the Minotaur Fighter began the quest for the Orb.
     0 | D:1      | Reached XP level 1. HP: 19/19 MP: 0/0
   177 | D:1      | Reached XP level 2. HP: 27/27 MP: 1/1
   339 | D:1      | Reached skill level 3 in Axes
   500 | D:1      | Reached XP level 3. HP: 33/33 MP: 2/2
   607 | D:1      | Found a faded altar of an unknown god.
   948 | D:2      | Noticed Jessica
   953 | D:2      | Killed Jessica
   954 | D:2      | Reached XP level 4. HP: 34/40 MP: 3/3
  1297 | D:3      | Reached skill level 4 in Axes
  1558 | D:3      | Reached XP level 5. HP: 46/46 MP: 4/4
  1842 | D:4      | Found a staircase to the Ecumenical Temple.
  2081 | D:4      | Noticed a phantom
  2095 | D:4      | Killed a phantom
  2096 | D:4      | Reached skill level 5 in Axes
  2096 | D:4      | Reached skill level 5 in Armour
  2131 | D:4      | Reached XP level 6. HP: 53/53 MP: 5/5
  2260 | D:4      | Found an iron altar of Okawaru.
  2409 | D:4      | Found an ornate altar of the Wu Jian Council.
  2446 | D:5      | Entered Level 5 of the Dungeon
  2454 | D:5      | Noticed a sky beast
  2494 | Temple   | Entered the Ecumenical Temple
  2544 | D:4      | Became a worshipper of Warmaster Okawaru
  2589 | D:5      | Reached skill level 1 in Slings
  2589 | D:5      | Killed a sky beast
  2640 | D:5      | Reached skill level 5 in Fighting
  2645 | D:5      | Reached XP level 7. HP: 32/61 MP: 6/6
  2749 | D:4      | Reached skill level 6 in Axes
  2749 | D:4      | Reached skill level 5 in Shields
  2759 | D:5      | Reached * piety under Okawaru
  3138 | D:5      | Found a runed translucent door.
  3139 | D:5      | Noticed Crazy Yiuf
  3147 | D:5      | Killed Crazy Yiuf
  3281 | D:6      | Reached XP level 8. HP: 70/70 MP: 7/7
  3397 | D:6      | Noticed a boulder beetle
  3463 | D:6      | Reached skill level 7 in Axes
  3705 | D:6      | Reached skill level 1 in Evocations
  3707 | D:6      | Reached ** piety under Okawaru
  3708 | D:6      | Reached skill level 8 in Axes
  3756 | D:6      | Reached XP level 9. HP: 78/78 MP: 6/8
  4349 | D:7      | Found Ollimn's Weapon Shop.
  4354 | D:7      | Reached skill level 9 in Axes
  4371 | D:7      | Reached *** piety under Okawaru
  4372 | D:7      | Reached skill level 1 in Throwing
  4433 | D:6      | Reached skill level 10 in Axes
  4556 | D:7      | Found Mownieph's Distillery.
  4559 | D:7      | Bought a potion of heal wounds for 70 gold pieces
  4593 | D:7      | Found Duucoh's Antique Weapon Shop.
  4602 | D:7      | Found a burning altar of Makhleb.
  4607 | D:7      | Found Ovomacre's Book Shop.
  4738 | D:7      | Found Duerph's Antique Armour Shoppe.
  4747 | D:7      | Bought a pair of glowing boots for 217 gold pieces
  4868 | D:7      | Found a shimmering blue altar of Sif Muna.
  4868 | D:7      | Found a sparkling altar of Nemelex Xobeh.
  4869 | D:7      | Found an opulent altar of Gozag.
  4973 | D:8      | Reached **** piety under Okawaru
  4974 | D:8      | Reached XP level 10. HP: 37/88 MP: 6/9
  4987 | D:8      | Reached skill level 11 in Axes
  5684 | D:8      | Noticed Erica
  6039 | D:9      | Noticed Joseph
  6129 | D:9      | Found a staircase to the Orcish Mines.
  6153 | D:9      | Reached skill level 1 in Bows
  6224 | D:9      | Reached skill level 10 in Armour
  6267 | D:9      | Reached ***** piety under Okawaru
  6520 | D:9      | Found a white marble altar of Elyvilon.
  6521 | D:9      | Found a shimmering altar of Xom.
  6521 | D:9      | Found a bloodstained altar of Trog.
  6521 | D:9      | Found a sacrificial altar of Ru.
  6521 | D:9      | Found a radiant altar of Vehumet.
  6523 | D:9      | Found a broken altar of Ashenzari.
  6648 | D:9      | Noticed Pikel
  6668 | D:9      | Killed Pikel
  6669 | D:9      | Reached skill level 1 in Dodging
  6893 | D:10     | Entered Level 10 of the Dungeon
  7007 | D:10     | Received a gift from Okawaru
  7114 | D:10     | Reached XP level 11. HP: 97/97 MP: 10/10
  7123 | D:10     | Reached skill level 12 in Axes
  7291 | D:10     | Found Wuruts's Jewellery Shop.
  7413 | D:10     | Found Xasegash's Armour Shoppe.
  7481 | D:10     | Found Waatepul's Antique Armour Boutique.
  7502 | D:10     | Noticed Harold
  7511 | D:10     | Found a blossoming altar of Fedhas.
  7533 | D:10     | Killed Harold
  7713 | D:10     | Found Axkim's Jewellery Shoppe.
  7849 | D:10     | Reached skill level 5 in Bows
  7862 | D:11     | Noticed a seven-headed hydra
  7886 | D:10     | HP: 4/99 [eight-headed hydra (12)]
  7888 | D:10     | Slain by an eight-headed hydra

Illustrated notes

Levels and vault maps discovered:
D:1:      minmay_arrival_glassed_features, layout_basic, basic_ecumenical_altar,
          minmay_pentomino_x4
D:2:      layout_rooms, minmay_goblin_outpost, uniq_jessica
D:3:      layout_basic, lexackson_kobold_supper
D:4:      layout_cave_pools, mainiacjoe_overflow_surrounded_room,
          lemuel_coloured_pillars_altar, minmay_temple_entry_offerings,
          minmay_bisected
D:5:      layout_basic, uniq_crazy_yiuf_cottage
D:6:      kennysheep_big_flooded_room, layout_cave_pods, minivault_27,
          minmay_manual_monolith
D:7:      layout_rooms, amcnicky_altar_gilded, gammafunk_temple_overflow_claw,
          serial_shops, nicolae_shop_waterfront, shop, shop, nicolae_shop_stone,
          nicolae_shop_behind_doors
D:8:      layout_cave_pods, uniq_erica
D:9:      layout_small_grid, minitemple, minmay_orc_entry_temple_small,
          minivault_27, uniq_pikel, uniq_joseph
D:10:     layout_roguey, fedhas_altar_1, enter_bailey_7, serial_shops,
          shop_statue, nicolae_shop_crystal, shop, shop, uniq_harold
D:11:     lemuel_bear_cage, layout_loops_ring, due_lair_maze_entry_diamond,
          minmay_puff
Temple:   corrupted_temple

Skill      XL: |  1  2  3  4  5  6  7  8  9 10 11 |
---------------+----------------------------------+-----
Fighting       | 4 5 6 7 9 |  9.9
Shields        | 4 5 6 |  6.8
Armour         | 4 5 6 7 8 10 11 | 11.2
Axes           | 3 4 5 6 8 10 11 12 | 12.8
Slings         | 2 |  2.8
Evocations     | 2 3 |  3.1
Throwing       | 2 3 |  3.3
Bows           | 3 5 |  5.1
Dodging        | 1 |  1.0
Invocations    | |  0.1

Action                   |  1- 3 |  4- 6 |  7- 9 | 10-12 || total
-------------------------+-------+-------+-------+-------++-------
Melee: War axe           |    80 |   181 |   247 |   295 ||   803
       Headbutt          |    18 |    34 |    50 |    57 ||   159
 Fire: Hunting sling     |       |    16 |     4 |       ||    20
       Shortbow          |       |       |       |    79 ||    79
Throw: Dart              |       |     7 |    13 |     8 ||    28
       Throwing net      |       |       |       |     4 ||     4
Invok: Heroism           |       |       |     2 |     2 ||     4
Evoke: Wand              |       |       |    20 |     1 ||    21
  Use: Potion            |       |       |     5 |     1 ||     6
       Scroll            |       |       |       |     2 ||     2
Armor: Scale mail        |    16 |       |       |       ||    16
       Plate armour      |    41 |   114 |   163 |   248 ||   566
Dodge: Dodged            |    30 |    35 |    84 |   130 ||   279
Block: Buckler           |    13 |    24 |       |       ||    37
       Kite shield       |       |    21 |   104 |       ||   125

Table legend: (Time is in decaauts)
 A = Elapsed time spent in this place.
 B = Non-inter-level travel time spent in this place.
 C = Inter-level travel time spent in this place.
 D = Time resting spent in this place.
 E = Time spent auto-exploring this place.
 F = Levels seen in this place.
 G = Mean time per level.
                   A        B        C        D        E       F      G
               +--------+--------+--------+--------+--------+-----+--------+
         Total |   8038 |   7654 |    384 |    212 |   5099 |  12 |  669.8 |
       Dungeon |   8002 |   7634 |    368 |    212 |   5095 |  11 |  727.5 |
        Temple |     36 |     20 |     16 |      0 |      4 |   1 |   36.0 |
               +--------+--------+--------+--------+--------+-----+--------+

Top non-repeatable levels by time:
     D:6: 1204 daAuts
     D:8: 995 daAuts
    D:10: 961 daAuts
     D:9: 800 daAuts
     D:1: 780 daAuts
     D:4: 724 daAuts
     D:7: 715 daAuts
     D:5: 705 daAuts
     D:2: 552 daAuts
     D:3: 545 daAuts
  Temple: 36 daAuts
    D:11: 18 daAuts
